PL
PHILADELPHIA 1776 BC @ NEW ORLEANS VOODOO
09/23/2038
 
TOP OF THE 1ST
Philadelphia 1776 BC batting - Pitching for New Orleans Voodoo : LHP Will Hunting
Pitching: LHP Will Hunting
Batting: LHB David de Meij 0-0: SINGLE (Groundball, 56D, EV 94.4 MPH)
Batting: RHB Gerold Olthof 0-0: Hit by Pitch
David de Meij to second
Batting: RHB Karl Blanke 0-0: Ball
1-0: Grounds into double play, 6-4-3 (Groundball, 6M, EV 81.9 MPH)
David de Meij to third
Batting: RHB Eddie Sachs 0-0: Ball
1-0: Ball
2-0: Called Strike
2-1: Foul Ball, location: 2F
2-2: Ball
3-2: Strikes out swinging
Top of the 1st over - 0 runs, 1 hit, 0 errors, 1 left on base; Philadelphia 1776 0 - New Orleans 0
BOTTOM OF THE 1ST
New Orleans Voodoo batting - Pitching for Philadelphia 1776 BC : RHP Elroy Thompkins
Pitching: RHP Elroy Thompkins
Batting: RHB Tae-cho Han 0-0: Called Strike
0-1: Ground out 6-3 (Groundball, 6, EV 93.1 MPH)
Batting: LHB Jorge Alejándrez 0-0: Foul Ball, location: 2F
0-1: Ball
1-1: Swinging Strike
1-2: Ball
2-2: SINGLE (Groundball, 34S, EV 68.1 MPH) (infield hit)
Batting: RHB Colm Goodwill 0-0: Foul Ball, location: 2F
0-1: Swinging Strike
0-2: Strikes out swinging
Batting: LHB Weston Doyle 0-0: Foul Ball, location: 2F
0-1: Ball
1-1: Ground out 4-3 (Groundball, 34, EV 91.2 MPH)
Bottom of the 1st over - 0 runs, 1 hit, 0 errors, 1 left on base; Philadelphia 1776 0 - New Orleans 0
TOP OF THE 2ND
Philadelphia 1776 BC batting - Pitching for New Orleans Voodoo : LHP Will Hunting
Batting: RHB Carlos Mendoza 0-0: Ball
1-0: Called Strike
1-1: Fly out, F9 (Flyball, 9, EV 94.4 MPH)
Batting: LHB Jake Grant 0-0: Ball
1-0: Called Strike
1-1: SINGLE (Line Drive, 6M, EV 97.5 MPH)
Batting: RHB Arsenio Laurel 0-0: Ball
1-0: Swinging Strike
1-1: Ball
2-1: Fly out, F6 (Line Drive, 6, EV 73.8 MPH)
Batting: LHB António Casas 0-0: Ball
1-0: Ball
2-0: Foul Ball, location: 2F
2-1: Swinging Strike
2-2: Foul Ball, location: 2F
2-2: Strikes out swinging
Top of the 2nd over - 0 runs, 1 hit, 0 errors, 1 left on base; Philadelphia 1776 0 - New Orleans 0
BOTTOM OF THE 2ND
New Orleans Voodoo batting - Pitching for Philadelphia 1776 BC : RHP Elroy Thompkins
Batting: LHB Alexis Raimbault 0-0: Ball
1-0: Called Strike
1-1: Ball
2-1: Foul Ball, location: 2F
2-2: Ball
3-2: Foul Ball, location: 2F
3-2: Base on Balls
Batting: RHB Gilberto Juárez 0-0: Ball
1-0: Foul Ball, location: 2F
1-1: Ball
2-1: Called Strike
Alexis Raimbault steals 2nd, throwing error, E2
Alexis Raimbault to third
2-2: Ball
3-2: Foul Ball, location: 2F
3-2: Reached on error, E5 (Groundball, 56, EV 78.1 MPH)
Alexis Raimbault scores
Batting: LHB Baio Jianbua 0-0: Called Strike
0-1: SINGLE (Groundball, 4MD, EV 97.5 MPH)
Gilberto Juárez to second
Batting: RHB Petri Kallio 0-0: 3-RUN HOME RUN (Flyball, 78XD, EV 91.9 MPH), Distance : 381 ft
Batting: RHB John Clark 0-0: Ground out 1-3 (Groundball, 34S, EV 65.0 MPH)
Batting: RHB Tae-cho Han 0-0: Ball
1-0: Ball
2-0: Foul Ball, location: 2F
2-1: Swinging Strike
2-2: Ball
3-2: Fly out, F8 (Line Drive, 8RD, EV 97.5 MPH)
Batting: LHB Jorge Alejándrez 0-0: Ball
1-0: Ball
2-0: Fly out, F8 (Flyball, 8RXD, EV 96.2 MPH)
Bottom of the 2nd over - 4 runs, 2 hits, 2 errors, 0 left on base; Philadelphia 1776 0 - New Orleans 4
TOP OF THE 3RD
Philadelphia 1776 BC batting - Pitching for New Orleans Voodoo : LHP Will Hunting
Batting: LHB Hai-feng Tang 0-0: Ball
1-0: Ground out 1-3 (Groundball, 13, EV 74.4 MPH)
Batting: LHB David de Meij 0-0: Foul Ball, location: 2F
0-1: Called Strike
0-2: Ball
1-2: Ball
2-2: Strikes out looking
Batting: RHB Gerold Olthof 0-0: Ball
1-0: SINGLE (Line Drive, 34D, EV 95.0 MPH)
Batting: RHB Karl Blanke Pickoff Throw to First - Out! 1-3
Top of the 3rd over - 0 runs, 1 hit, 0 errors, 0 left on base; Philadelphia 1776 0 - New Orleans 4
BOTTOM OF THE 3RD
New Orleans Voodoo batting - Pitching for Philadelphia 1776 BC : RHP Elroy Thompkins
Batting: RHB Colm Goodwill 0-0: Ball
1-0: Ground out 6-3 (Groundball, 6, EV 80.0 MPH)
Batting: LHB Weston Doyle 0-0: Ball
1-0: Fly out, F9 (Flyball, 9LMF, EV 91.9 MPH)
Batting: LHB Alexis Raimbault 0-0: Ball
1-0: Ball
2-0: Swinging Strike
2-1: Ball
3-1: Foul Ball, location: 2F
3-2: Strikes out swinging
Bottom of the 3rd over - 0 runs, 0 hits, 0 errors, 0 left on base; Philadelphia 1776 0 - New Orleans 4
TOP OF THE 4TH
Philadelphia 1776 BC batting - Pitching for New Orleans Voodoo : LHP Will Hunting
Batting: RHB Karl Blanke 0-0: Called Strike
0-1: Swinging Strike
0-2: Strikes out swinging
Batting: RHB Eddie Sachs 0-0: Ball
1-0: Called Strike
1-1: Swinging Strike
1-2: Foul Ball, location: 2F
1-2: Ball
2-2: DOUBLE (Flyball, 78XD, EV 90.0 MPH)
Batting: RHB Carlos Mendoza 0-0: Called Strike
0-1: Ball
1-1: Fly out, F8 (Flyball, 8RM, EV 74.4 MPH)
Batting: LHB Jake Grant 0-0: Called Strike
0-1: Ground out U3 (Groundball, 3, EV 83.8 MPH)
Top of the 4th over - 0 runs, 1 hit, 0 errors, 1 left on base; Philadelphia 1776 0 - New Orleans 4
BOTTOM OF THE 4TH
New Orleans Voodoo batting - Pitching for Philadelphia 1776 BC : RHP Elroy Thompkins
Batting: RHB Gilberto Juárez 0-0: Ball
1-0: Ball
2-0: Ball
3-0: Called Strike
3-1: SINGLE (Groundball, 6MD, EV 99.4 MPH)
Batting: LHB Baio Jianbua 0-0: Called Strike
0-1: Called Strike
Gilberto Juárez steals 2nd base
0-2: Foul Ball, location: 2F
0-2: Ball
1-2: Ball
2-2: Foul Ball, location: 2F
2-2: Ball
3-2: Strikes out swinging
Batting: RHB Petri Kallio 0-0: Swinging Strike
0-1: Foul Ball, location: 2F
0-2: Foul Ball, location: 2F
0-2: Ball
1-2: Fly out, F2 (Popup, 2LF, EV 91.9 MPH)
Batting: RHB John Clark 0-0: Called Strike
0-1: Ball
1-1: Swinging Strike
1-2: Foul Ball, location: 2F
1-2: Ball
2-2: Foul Ball, location: 2F
2-2: Strikes out looking
Bottom of the 4th over - 0 runs, 1 hit, 0 errors, 1 left on base; Philadelphia 1776 0 - New Orleans 4
TOP OF THE 5TH
Philadelphia 1776 BC batting - Pitching for New Orleans Voodoo : LHP Will Hunting
Batting: RHB Arsenio Laurel 0-0: Ball
1-0: Fly out, F9 (Flyball, 9S, EV 90.6 MPH)
Batting: LHB António Casas 0-0: Ball
1-0: Ball
2-0: TRIPLE (Line Drive, 8RXD, EV 103.1 MPH)
Batting: LHB Hai-feng Tang 0-0: Ball
1-0: SINGLE (Flyball, 78S, EV 93.1 MPH)
António Casas scores
Batting: LHB David de Meij 0-0: Ball
1-0: Ball
2-0: Called Strike
2-1: Swinging Strike
2-2: Ground out 3-1 (Groundball, 3S, EV 89.4 MPH)
Hai-feng Tang to second
Batting: RHB Gerold Olthof 0-0: Called Strike
0-1: Ball
1-1: Fly out, F4 (Popup, 34D, EV 54.4 MPH)
Top of the 5th over - 1 run, 2 hits, 0 errors, 1 left on base; Philadelphia 1776 1 - New Orleans 4
BOTTOM OF THE 5TH
New Orleans Voodoo batting - Pitching for Philadelphia 1776 BC : RHP Elroy Thompkins
Batting: RHB Tae-cho Han 0-0: Ball
1-0: Foul Ball, location: 2F
1-1: Ball
2-1: Ball
3-1: Base on Balls
Batting: LHB Jorge Alejándrez 0-0: Called Strike
0-1: Swinging Strike
0-2: Ball
1-2: Ball
2-2: Fielders Choice at 2nd, 5-4 (Groundball, 56S, EV 80.0 MPH)
Batting: RHB Colm Goodwill 0-0: Fly out, F8 (Flyball, 89M, EV 95.6 MPH)
Batting: LHB Weston Doyle 0-0: Ball
1-0: Ground out U3 (Groundball, 34S, EV 83.1 MPH)
Bottom of the 5th over - 0 runs, 0 hits, 0 errors, 1 left on base; Philadelphia 1776 1 - New Orleans 4
TOP OF THE 6TH
Philadelphia 1776 BC batting - Pitching for New Orleans Voodoo : LHP Will Hunting
Batting: RHB Karl Blanke 0-0: Called Strike
0-1: Ball
1-1: Ball
2-1: Foul Ball, location: 2F
2-2: Ball
3-2: Base on Balls
Batting: RHB Eddie Sachs 0-0: Called Strike
0-1: Ball
1-1: Foul Ball, location: 2F
1-2: Strikes out swinging
Batting: RHB Carlos Mendoza 0-0: Fly out, F8 (Flyball, 89D, EV 105.0 MPH)
Batting: LHB Jake Grant 0-0: Called Strike
0-1: Ball
1-1: Ball
2-1: Swinging Strike
2-2: Foul Ball, location: 2F
2-2: SINGLE (Line Drive, 8LS, EV 101.2 MPH)
Karl Blanke to second
Batting: RHB Arsenio Laurel 0-0: Ball
1-0: Called Strike
1-1: Ground out 4-3 (Groundball, 4, EV 87.5 MPH)
Top of the 6th over - 0 runs, 1 hit, 0 errors, 2 left on base; Philadelphia 1776 1 - New Orleans 4
BOTTOM OF THE 6TH
New Orleans Voodoo batting - Pitching for Philadelphia 1776 BC : RHP Elroy Thompkins
Batting: LHB Alexis Raimbault 0-0: Foul Ball, location: 2F
0-1: Foul Ball, location: 2F
0-2: Fly out, F9 (Flyball, 9LD, EV 103.8 MPH)
Batting: RHB Gilberto Juárez 0-0: Ball
1-0: Called Strike
1-1: SINGLE (Flyball, 9S, EV 91.9 MPH)
Batting: LHB Baio Jianbua 0-0: Called Strike
Gilberto Juárez is caught stealing 2nd base 2-6
0-1: Ball
1-1: Foul Ball, location: 2F
1-2: Ball
2-2: Fly out, F8 (Flyball, 8LM, EV 90.0 MPH)
Bottom of the 6th over - 0 runs, 1 hit, 0 errors, 0 left on base; Philadelphia 1776 1 - New Orleans 4
TOP OF THE 7TH
Philadelphia 1776 BC batting - Pitching for New Orleans Voodoo : LHP Will Hunting
Batting: LHB António Casas 0-0: Ball
1-0: Called Strike
1-1: Fly out, F5 (Flyball, 5D, EV 95.0 MPH)
Batting: LHB Hai-feng Tang 0-0: Ball
1-0: Swinging Strike
1-1: Foul Ball, location: 2F
1-2: Fly out, F8 (Flyball, 8LXD, EV 100.0 MPH)
Batting: LHB David de Meij 0-0: Called Strike
0-1: Swinging Strike
0-2: Ball
1-2: Ball
2-2: Foul Ball, location: 2F
2-2: Strikes out swinging
Top of the 7th over - 0 runs, 0 hits, 0 errors, 0 left on base; Philadelphia 1776 1 - New Orleans 4
BOTTOM OF THE 7TH
New Orleans Voodoo batting - Pitching for Philadelphia 1776 BC : RHP Elroy Thompkins
Batting: RHB Petri Kallio 0-0: Swinging Strike
0-1: Ball
1-1: Called Strike
1-2: Strikes out swinging
Batting: RHB John Clark 0-0: Ball
1-0: Ball
2-0: Ground out 5-3 (Groundball, 5L, EV 89.4 MPH)
Batting: RHB Tae-cho Han 0-0: Ball
1-0: DOUBLE (Flyball, 8RXD, EV 106.9 MPH)
Pitching: LHP León Vallejo
Batting: LHB Jorge Alejándrez 0-0: Ball
1-0: Ball
2-0: Foul Ball, location: 2F
2-1: Foul Ball, location: 2F
2-2: Hit by Pitch
Batting: RHB Colm Goodwill 0-0: Called Strike
0-1: Ball
1-1: Ball
2-1: Fly out, F9 (Flyball, 89D, EV 95.6 MPH)
Bottom of the 7th over - 0 runs, 1 hit, 0 errors, 2 left on base; Philadelphia 1776 1 - New Orleans 4
TOP OF THE 8TH
Philadelphia 1776 BC batting - Pitching for New Orleans Voodoo : LHP Will Hunting
Batting: RHB Gerold Olthof 0-0: Foul Ball, location: 2F
0-1: Called Strike
0-2: Ball
1-2: Strikes out looking
Batting: RHB Karl Blanke 0-0: Foul Ball, location: 2F
0-1: SOLO HOME RUN (Flyball, 7LD, EV 112.5 MPH), Distance : 386 ft
Batting: RHB Eddie Sachs 0-0: Ball
1-0: Ball
2-0: Foul Ball, location: 2F
2-1: Swinging Strike
2-2: Strikes out swinging
Batting: RHB Carlos Mendoza 0-0: Ball
1-0: Fly out, F9 (Flyball, 9S, EV 68.1 MPH)
Top of the 8th over - 1 run, 1 hit, 0 errors, 0 left on base; Philadelphia 1776 2 - New Orleans 4
BOTTOM OF THE 8TH
New Orleans Voodoo batting - Pitching for Philadelphia 1776 BC : LHP León Vallejo
Batting: LHB Weston Doyle 0-0: Ground out 4-3 (Groundball, 4, EV 94.4 MPH)
Batting: LHB Alexis Raimbault 0-0: Ball
1-0: Ball
2-0: Ball
3-0: Base on Balls
Batting: RHB Gilberto Juárez 0-0: Ball
1-0: Swinging Strike
1-1: Ball
2-1: Called Strike
2-2: Strikes out looking
Batting: LHB Baio Jianbua 0-0: Ball
1-0: Called Strike
1-1: Ball
2-1: Ball
3-1: Base on Balls
Alexis Raimbault to second
Batting: RHB Petri Kallio 0-0: Ball
1-0: DOUBLE (Line Drive, 9LS, EV 106.2 MPH)
Alexis Raimbault scores
Baio Jianbua to third
Batting: RHB John Clark 0-0: Called Strike
0-1: Foul Ball, location: 2F
0-2: Ball
1-2: SINGLE (Line Drive, 9S, EV 98.8 MPH)
Baio Jianbua scores
Petri Kallio to third
Runner from 3rd tries for Home, SAFE, no throw by RF
Batting: RHB Tae-cho Han 0-0: Called Strike
0-1: Ball
1-1: SINGLE (Line Drive, 4D, EV 97.5 MPH)
John Clark to second
Runner from 2nd tries for 3rd, SAFE, no throw by CF
Batting: LHB Jorge Alejándrez 0-0: Ball
1-0: Fly out, F8 (Flyball, 89M, EV 95.0 MPH)
Bottom of the 8th over - 3 runs, 3 hits, 0 errors, 2 left on base; Philadelphia 1776 2 - New Orleans 7
TOP OF THE 9TH
Philadelphia 1776 BC batting - Pitching for New Orleans Voodoo : LHP Will Hunting
Pitching: RHP Gilberto Medina
Batting: LHB Jake Grant 0-0: Foul Ball, location: 2F
0-1: SINGLE (Groundball, 6D, EV 95.6 MPH)
Batting: RHB Arsenio Laurel 0-0: Called Strike
0-1: Ball
1-1: Ball
2-1: Ball
3-1: Foul Ball, location: 2F
3-2: Strikes out swinging
Batting: LHB António Casas 0-0: Swinging Strike
0-1: Foul Ball, location: 2F
0-2: SINGLE (Groundball, 34D, EV 105.6 MPH)
Jake Grant to second
Batting: LHB Hai-feng Tang 0-0: Foul Ball, location: 2F
0-1: Called Strike
0-2: Fly out, F6 (Popup, 56, EV 74.4 MPH)
Batting: LHB David de Meij 0-0: Ball
1-0: SINGLE (Groundball, 6MD, EV 98.1 MPH)
Jake Grant to third
António Casas to second
Pitching: RHP Grover Lowdermilk
Batting: RHB Gerold Olthof 0-0: Ball
1-0: DOUBLE (Flyball, 78D, EV 105.6 MPH)
Jake Grant scores
António Casas scores
David de Meij to third
Batting: RHB Karl Blanke 0-0: Called Strike
0-1: Foul Ball, location: 2F
0-2: Ball
1-2: Foul Ball, location: 2F
1-2: Ball
2-2: Fly out, F7 (Flyball, 7S, EV 91.9 MPH)
Top of the 9th over - 2 runs, 4 hits, 0 errors, 2 left on base; Philadelphia 1776 4 - New Orleans 7
Friday, April 17th, 2020 - OOTP Baseball 20.8 Build 74